 Dungeon Crawl Stone Soup version 0.31-a0-185-g9dded2c639 (webtiles) character file.

Game seed: 13913698717876325574

383 qw the Skirmisher (level 6, -16/35 HPs)
             Began as a Deep Elf Hunter on June 22, 2023.
             Demolished by an ogre
             ... wielding a +0 giant spiked club
              (18 damage)
             ... on level 5 of the Dungeon.
             The game lasted 00:01:29 (3972 turns).

qw the Skirmisher (Deep Elf Hunter)                 Turns: 3972, Time: 00:01:30

Health: -16/35     AC:  8    Str: 10    XL:     6   Next: 47%
Magic:  8/8        EV: 11    Int: 10    God:
Gold:   175        SH:  0    Dex: 18    Spells: 5/5 levels left

rFire   . . .        Y - +0 shortbow
rCold   + . .        (shield currently unavailable)
rNeg    . . .        f - +0 ring mail
rPois   .            (no helmet)
rElec   .            (no cloak)
rCorr   +            b - +0 pair of gloves
SInv    .            a - +1 pair of boots of Responsibility {rC+ rCorr Int-4 Stlth+}
Will    .....        (no amulet)
Stlth   ++           (no ring)
HPRegen 0.25/turn    (no ring)
MPRegen 0.11/turn

%: no passive effects
@: no status effects
A: no striking features
a: no special abilities


You were on level 5 of the Dungeon.
You visited 1 branch of the dungeon, and saw 5 of its levels.

You collected 259 gold pieces.
You spent 84 gold pieces at shops.


   Skills:
 - Level 2.0 Fighting
 + Level 9.9 Ranged Weapons
 - Level 1.0 Armour
 - Level 2.4 Dodging
 - Level 1.2 Stealth


You had 5 spell levels left.
You didn't know any spells.
Your spell library was empty.

Inventory:

Hand Weapons
 Y - a +0 shortbow (weapon)
Armour
 a - the +1 pair of boots of Responsibility (worn) {rC+ rCorr Int-4 Stlth+}
   (You acquired it on level 3 of the Dungeon)

   Int:       It affects your intelligence (-4).
   rC:        It protects you from cold.
   rCorr:     It protects you from acid and corrosion.
   Stlth:     It makes you more stealthy.
 b - a +0 pair of gloves (worn)
 f - a +0 ring mail (worn)
Jewellery
 e - an amulet of magic regeneration
Wands
 c - a wand of digging (7)
Scrolls
 l - a scroll of identify
Potions
 d - a potion of haste
 g - a potion of might {unknown}
 h - a potion of invisibility {unknown}
 i - 4 potions of curing
 j - a potion of heal wounds {unknown}
 m - a potion of brilliance {unknown}

Dungeon Overview and Level Annotations

Branches:
Dungeon (5/15)
 Temple: D:4-7

Altars:

Shops:
D:3 !

Annotations:
D:4 3 runed translucent doors, qw's ghost, amateur NaHu; qw's ghost, novice GrFi


Message History

Enter note: You see here a staff of fire.
Enter note:
Enter note:
i - 4 potions of curing (gained 1) As you open the door, it creaks loudly!
There is an open door here.
There is an open door here.
An ogre comes into view. It is wielding a +0 giant spiked club.
Enter note:
Enter note: You shoot an arrow.
The arrow hits the ogre.
The ogre shouts!
The ogre is lightly wounded.
You shoot an arrow.
The arrow hits the ogre but does no damage.
The ogre is lightly wounded.
You shoot an arrow. The arrow hits the ogre.
The ogre is lightly wounded.
You shoot an arrow. The arrow hits the ogre.
The ogre is lightly wounded.
You shoot an arrow. The arrow hits the ogre.
The ogre is moderately wounded.
You shoot an arrow. The arrow barely misses the ogre.
You shoot an arrow. The arrow hits the ogre.
The ogre is heavily wounded.
The ogre hits you with a +0 giant spiked club!!
Ouch! That really hurt!
You shoot an arrow.
The arrow hits the ogre but does no damage.
The ogre is heavily wounded.
The ogre misses you.
You shoot an arrow.
The arrow hits the ogre but does no damage.
The ogre is heavily wounded.
You shoot an arrow. The arrow hits the ogre.
The ogre is severely wounded.
The ogre hits you with a +0 giant spiked club!!
Ouch! That really hurt!
You die...

### #.# #############
#|#
............######.#####
......O@................
.##########.#####..#####
#...........#....
#.##.####........
####'##.#<.#..##.###
#.....#.#.##........
#.....#.#.##...#####
#.....#.#.##.......#
#.....#.#.##..####.#


You could see an ogre.

Vanquished Creatures
  Grinder (D:3)
  Jessica (D:3)
  2 iguanas (D:5)
  5 adders
  5 worms
  A dart slug (D:1)
  4 orcs
  4 bats
  6 endoplasms
  3 giant cockroaches
  3 goblins
  5 hobgoblins
  4 jackals (D:3)
  4 quokkas
  8 ball pythons
  A frilled lizard (D:3)
  4 kobolds
  6 rats
67 creatures vanquished.

Notes
Turn   | Place    | Note
-------+----------+-------------------------------------------
     0 | D:1      | qw the Deep Elf Hunter began the quest for the Orb.
     0 | D:1      | Reached XP level 1. HP: 12/12 MP: 3/3
     0 | D:1      | 0 ||| qw: Version: 0.3-a-9-g12657ce
     0 | D:1      | 0 ||| qw: Game counter: 1899
     0 | D:1      | 0 ||| qw: Always use a shield: true
     0 | D:1      | 0 ||| qw: God list: Okawaru
     0 | D:1      | 0 ||| qw: Allow faded altars: false
     0 | D:1      | 0 ||| qw: Do Orc after D:15 true
     0 | D:1      | 0 ||| qw: Do second Lair branch before Depths: true
     0 | D:1      | 0 ||| qw: Lair rune preference: random
     0 | D:1      | 0 ||| qw: Plans: Normal
     0 | D:1      | 0 ||| PLANNING D:1-11
     2 | D:1      | Noticed a human
     4 | D:1      | Noticed a formicid
     4 | D:1      | Noticed a ghoul
     6 | D:1      | Noticed an ogre
     6 | D:1      | Noticed a demigod
     8 | D:1      | Noticed a vampire
     8 | D:1      | Noticed a demonspawn
    10 | D:1      | Noticed a merfolk
    10 | D:1      | Noticed a gargoyle
    12 | D:1      | Noticed a tengu
    12 | D:1      | Noticed a troll
    14 | D:1      | Noticed a vine stalker
    16 | D:1      | Noticed an armataur
    16 | D:1      | Noticed a minotaur
    18 | D:1      | Noticed a draconian
    18 | D:1      | Noticed an octopode
    20 | D:1      | Noticed a naga
    22 | D:1      | Noticed a felid
    22 | D:1      | Noticed an elf
    24 | D:1      | Noticed a gargoyle
    24 | D:1      | Noticed a spriggan
    26 | D:1      | Noticed an elf
    26 | D:1      | Noticed an elf
   160 | D:1      | Reached skill level 6 in Ranged Weapons
   160 | D:1      | Reached XP level 2. HP: 16/16 MP: 4/4
   243 | D:1      | Found a faded altar of an unknown god.
   820 | D:1      | 820 ||| UPGRADING to +0 scale mail.
   830 | D:1      | 830 ||| DROPPING +0 leather armour.
   831 | D:1      | 831 ||| UPGRADING to +0 ring mail.
   841 | D:1      | 841 ||| DROPPING +0 scale mail.
   842 | D:1      | 842 ||| READING scroll labelled QUEKUSTRIKH.
   843 | D:1      | 843 ||| READING 2 scrolls labelled QOZXEI VESYH.
   844 | D:1      | 844 ||| READING scroll labelled AMIOCO NUAMIR.
   845 | D:1      | 845 ||| DROPPING scroll of butterflies.
   846 | D:1      | 846 ||| DROPPING scroll of noise.
   897 | D:2      | 897 ||| FLEEEEING.
   898 | D:2      | 898 ||| FLEEEEING.
   905 | D:2      | 905 ||| FLEEEEING.
   906 | D:2      | 906 ||| FLEEEEING.
   907 | D:2      | 907 ||| FLEEEEING.
   908 | D:2      | 908 ||| FLEEEEING.
   916 | D:2      | 916 ||| STAIRDANCE
  1062 | D:2      | Reached XP level 3. HP: 20/20 MP: 5/5
  1458 | D:2      | Reached skill level 7 in Ranged Weapons
  1547 | D:2      | 1547 ||| READING scroll labelled TESMONE GUYVID.
  1548 | D:2      | 1548 ||| READING scroll labelled TITSINU HAYGU.
  1552 | D:2      | 1552 ||| READING scroll labelled NYIRIS ANK.
  1553 | D:2      | 1553 ||| READING scroll labelled UNUQINGASOSH.
  1554 | D:2      | 1554 ||| DRINKING 2 metallic amethyst potions.
  1556 | D:2      | 1556 ||| Stepping ~*~*~tactically~*~*~ (cloud).
  1562 | D:2      | HP: 5/20 [poisoned by you (poison gas)]
  1678 | D:3      | Noticed Grinder
  1689 | D:3      | Paralysed by Grinder for 5 turns
  1698 | D:3      | Paralysed by Grinder for 4 turns
  1709 | D:3      | Killed Grinder
  1710 | D:3      | Reached skill level 9 in Ranged Weapons
  1710 | D:3      | Reached XP level 4. HP: 24/25 MP: 6/6
  1710 | D:3      | Reached XP level 5. HP: 28/29 MP: 7/7
  1757 | D:3      | Found Xiacwuju's Distillery.
  1762 | D:3      | 1762 ||| SHOPLISTING potion of cancellation (112 gold, have
                  | 87).
  1762 | D:3      | 1762 ||| BUYING potion of curing (42 gold).
  1762 | D:3      | Bought a potion of curing for 42 gold pieces
  1762 | D:3      | 1762 ||| BUYING potion of curing (42 gold).
  1762 | D:3      | Bought a potion of curing for 42 gold pieces
  1762 | D:3      | 1762 ||| SHOPLISTING potion of enlightenment (70 gold, have
                  | 3).
  1762 | D:3      | 1762 ||| SHOPLISTING potion of heal wounds (70 gold, have
                  | 3).
  1774 | D:3      | Identified the +5 short sword of the Hall of Blades
                  | {freeze, Int+2}
  2100 | D:3      | Reached XP level 6. HP: 35/35 MP: 8/8
  2109 | D:3      | Noticed Jessica
  2207 | D:3      | Killed Jessica
  2727 | D:3      | 2727 ||| UPGRADING to +0 pair of gloves.
  2732 | D:3      | 2732 ||| READING scroll labelled CEVUEQ SAELAERCH.
  2732 | D:3      | Identified a scroll of acquirement
  2732 | D:3      | 2732 ||| ACQUIRING +1 pair of boots of Responsibility {rC+
                  | rCorr Int-4 Stlth+}
  2732 | D:3      | Acquired the +1 pair of boots of Responsibility {rC+ rCorr
                  | Int-4 Stlth+}
  2734 | D:3      | 2734 ||| UPGRADING to +1 pair of boots of Responsibility
                  | {rC+ rCorr Int-4 Stlth+}.
  2739 | D:3      | 2739 ||| READING scroll labelled PIUGHO SYGGE.
  2740 | D:3      | 2740 ||| DRINKING 2 puce potions.
  2741 | D:3      | 2741 ||| DRINKING 3 potions of curing.
  2741 | D:3      | 2741 ||| (to cure confusion)
  2742 | D:3      | 2742 ||| DROPPING potion of ambrosia.
  2848 | D:4      | Found a runed translucent gate.
  2848 | D:4      | Found a runed translucent gate.
  2849 | D:4      | Found a runed translucent gate.
  2850 | D:4      | Noticed qw's ghost (novice GrFi)
  2851 | D:4      | Noticed qw's ghost (amateur NaHu)
  3349 | D:4      | Identified the +3 dagger of the Lusting Gods {freeze, rElec
                  | rF- Int+6 Dex+4}
  3564 | D:4      | 3564 ||| READING 3 scrolls of identify.
  3564 | D:4      | 3564 ||| IDENTIFYING sedimented ruby potion
  3565 | D:4      | 3565 ||| READING 2 scrolls of identify.
  3565 | D:4      | 3565 ||| IDENTIFYING coppery potion
  3566 | D:4      | 3566 ||| DROPPING potion of attraction.
  3584 | D:5      | Entered Level 5 of the Dungeon
  3611 | D:5      | Reached skill level 1 in Armour
  3969 | D:5      | HP: 1/35 [ogre/+0 giant spiked club (34)]
  3972 | D:5      | Demolished by an ogre

Levels and vault maps discovered:
D:1:      kb_arrival_jail, layout_loops_corners,
          hellmonk_ecumenical_altar_crossroads
D:2:      layout_basic, serial_bayou, serial_bayou_pond_a,
          serial_bayou_lagoon_a, serial_bayou_pond_e, serial_bayou_ford_a,
          minmay_indecisive_spiral
D:3:      wad_woods_pond, layout_loops_corners, serial_shops, shop,
          st_stairs_14, minivault_26, minmay_misc_feat_diagonals, uniq_jessica,
          uniq_grinder
D:4:      layout_basic, gammafunk_ghost_cemetery
D:5:      layout_basic

Skill      XL: |  1  2  3  4  5  6 |
---------------+-------------------+-----
Ranged Weapons | 6 9 |  9.9
Fighting       | 2 |  2.0
Armour         | 1 |  1.0
Dodging        | |  2.4
Stealth        | |  1.2

Action                     |  1- 3 |  4- 6 || total
---------------------------+-------+-------++-------
   Fire: Shortbow          |    90 |   147 ||   237
    Use: Scroll            |     7 |     4 ||    11
         Potion            |     1 |     2 ||     3
 Armour: Leather armour    |     4 |       ||     4
         Ring mail         |     8 |    14 ||    22
  Dodge: Dodged            |    21 |    34 ||    55

Table legend:
 A = Non-vault XP
 B = Vault XP
 C = Vault XP percentage of total XP
 D = Non-vault monster count
 E = Vault monster count
 F = Vault count percentage of total count
                 A         B        C        D         E       F
            +---------+---------+-------+---------+---------+-------
      Total |     248 |     300 |  54.7 |      59 |       8 |  11.9
            +---------+---------+-------+---------+---------+-------
        D:1 |      27 |       0 |   0.0 |      14 |       0 |   0.0
        D:2 |      43 |      10 |  18.9 |      11 |       4 |  26.7
        D:3 |      63 |     290 |  82.2 |      20 |       4 |  16.7
        D:4 |      14 |       0 |   0.0 |       8 |       0 |   0.0
        D:5 |     101 |       0 |   0.0 |       6 |       0 |   0.0
            +---------+---------+-------+---------+---------+-------
